 Dungeon Crawl Stone Soup version 0.29.1-1-gd02db6906a (webtiles) character file.

Game seed: 6114076213572376448

170994 mortz the Unforgettable (level 18, 0/112 HPs)
             Began as a Gnoll Conjurer on Sept 17, 2022.
             Was the Champion of Hepliaklqana.
             Slain by a nagaraja
             ... wielding a +0 spear
              (18 damage)
             ... on level 4 of the Snake Pit on Sept 20, 2022.
             The game lasted 05:47:50 (53875 turns).

mortz the Unforgettable (Gnoll Conjurer)           Turns: 53875, Time: 05:47:50

Health: 0/112      AC: 24    Str:  8    XL:     18   Next: 0%
Magic:  23/44      EV: 15    Int: 24    God:    Hepliaklqana [******]
Gold:   830        SH: 18    Dex: 14    Spells: 14/43 levels left

rFire   + . .      SeeInvis .   a - +9 dagger (vorpal)
rCold   + . .      Faith    .   L - +1 tower shield {AC+3}
rNeg    + + +      Spirit   .   o - +1 leather armour of Nattaotz {rPois rN+ Will-}
rPois   +          Reflect  .   A - +2 hat
rElec   .          Harm     .   E - scarf {rC+ rF+}
rCorr   .          Rampage  .   y - +1 pair of gloves of Makhleb's Castigation {rN++ Dex+3}
Will    .....                   M - +2 pair of boots
Stlth   +++++.....              l - amulet of magic regeneration
HPRegen 0.28/turn               w - ring of the Tortoise {AC+8}
MPRegen 0.69/turn               O - ring of magical power

@: lethally poisoned (0 -> -5), slowed, very slow
A: reduced essence, fangs 1, strong nose, distributed training, frail 1, passive
freeze
a: Renounce Religion, Recall Ancestor, Ancestor Identity, Transference, Idealise


You were on level 4 of the Snake Pit.
You worshipped Hepliaklqana.
Hepliaklqana was exalted by your worship.
You visited 5 branches of the dungeon, and saw 27 of its levels.
You also visited: Sewer and Volcano.

You collected 2528 gold pieces.
You spent 1698 gold pieces at shops.

Inventory:

Hand Weapons
 a - a +9 vorpal dagger (weapon)
 v - a +4 scimitar of flaming
Missiles
 S - 2 throwing nets
Armour
 h - a +3 scale mail of fire resistance
 o - the +1 leather armour of Nattaotz (worn) {rPois rN+ Will-}
   (You found it on level 4 of the Dungeon)

   rPois:     It protects you from poison.
   rN:        It protects you from negative energy.
   Will:      It decreases your willpower.
 y - the +1 pair of gloves of Makhleb's Castigation (worn) {rN++ Dex+3}
   (You bought it in a shop on level 2 of the Orcish Mines)

   Dex:       It affects your dexterity (+3).
   rN:        It greatly protects you from negative energy.
 A - a +2 hat (worn)
 E - a scarf of resistance (worn)
 J - a +2 robe of the Archmagi
 L - a +1 tower shield of protection (worn)
 M - a +2 pair of boots (worn)
 R - a +2 robe of resistance
 X - a +1 troll leather armour
Jewellery
 b - a +6 ring of strength
 f - a ring of resist corrosion
 l - an amulet of magic regeneration (around neck)
 q - a +4 ring of evasion
 w - the ring of the Tortoise (left hand) {AC+8}
   (You found it in a sewer)

   [ring of protection]

   AC:        It affects your AC (+8).
 B - a ring of wizardry
 N - a ring of protection from cold
 O - a ring of magical power (right hand)
 T - a ring of flight
Wands
 k - a wand of polymorph (4)
 u - a wand of flame (38)
 G - a wand of iceblast (9)
 H - a wand of charming (18)
 U - a wand of light (11)
 V - a wand of mindburst (18)
 W - a wand of digging (3)
Scrolls
 g - 4 scrolls of immolation
 r - 4 scrolls of fear
 t - 2 scrolls of magic mapping
 C - 7 scrolls of teleportation
 F - 2 scrolls of poison
 P - 3 scrolls of fog
 Q - 9 scrolls of identify
 Y - a scroll of summoning
Potions
 c - 7 potions of haste
 d - 7 potions of lignification
 e - 11 potions of curing
 i - 4 potions of flight
 j - 6 potions of resistance
 m - 4 potions of might
 n - 5 potions of attraction
 p - 3 potions of cancellation
 s - 3 potions of magic
 z - 3 potions of brilliance
 D - a potion of berserk rage {unknown}
 I - 4 potions of heal wounds
 K - 3 potions of invisibility {unknown}
Miscellaneous
 x - a tin of tremorstones (2/2)
 Z - a phial of floods


   Skills:
 + Level 12.4 Fighting
 + Level 12.4 Short Blades
 + Level 12.4 Long Blades
 + Level 12.4 Axes
 + Level 12.4 Maces & Flails
 + Level 12.4 Polearms
 + Level 12.4 Staves
 + Level 12.4 Ranged Weapons
 + Level 12.4 Throwing
 + Level 12.4 Armour
 + Level 13.2 Dodging
 + Level 13.1 Stealth
 + Level 12.4 Shields
 + Level 12.4 Unarmed Combat
 + Level 13.4 Spellcasting
 + Level 12.6 Conjurations
 + Level 10.5 Hexes
 + Level 10.5 Summonings
 + Level 10.5 Necromancy
 + Level 10.5 Translocations
 + Level 10.5 Transmutations
 + Level 10.5 Fire Magic
 + Level 10.5 Ice Magic
 + Level 10.5 Air Magic
 + Level 10.5 Earth Magic
 + Level 10.5 Poison Magic
 + Level 13.5 Invocations
 + Level 12.4 Evocations


You had 14 spell levels left.
You knew the following spells:

 Your Spells              Type           Power      Damage    Failure   Level
a - Magic Dart            Conj           100%       1d8       1%          1
b - Searing Ray           Conj           100%       2d8       1%          2
c - Iskenderun's Mystic   Conj/Tloc      64%        2d13      1%          4
d - Stone Arrow           Conj/Erth      100%       3d13      1%          3
e - Summon Lightning Spi  Summ/Air       61%        N/A       3%          4
f - Irradiate             Conj/Tmut      32%        3d22      5%          5
g - Fulminant Prism       Conj/Hex       32%        3d16      1%          4
h - Iron Shot             Conj/Erth      32%        9d7       30%         6

Your spell library contained the following spells:

 Spells                   Type           Power      Damage    Failure   Level
 Summon Small Mammal      Summ           100%       N/A       1%          1
 Sublimation of Blood     Necr           61%        N/A       1%          2
 Call Canine Familiar     Summ           61%        N/A       1%          3
 Confusing Touch          Hex            61%        N/A       1%          3
 Conjure Flame            Conj/Fire      64%        6-21      1%          3
 Dazzling Flash           Conj/Hex       100%       N/A       1%          3
 Ignite Poison            Fire/Tmut/Pois 61%        N/A       1%          3
 Portal Projectile        Hex/Tloc       100%       N/A       1%          3
 Summon Guardian Golem    Hex/Summ       61%        N/A       1%          3
 Tukima's Dance           Hex            61%        N/A       1%          3
 Hailstorm                Conj/Ice       64%        3d14      1%          4
 Sticky Flame             Conj/Fire      64%        2d8       1%          4
 Animate Armour           Summ/Erth      100%       N/A       3%          4
 Ice Form                 Ice/Tmut       61%        N/A       3%          4
 Leda's Liquefaction      Hex/Erth       30%        N/A       3%          4
 Passage of Golubria      Tloc           61%        N/A       3%          4
 Petrify                  Tmut/Erth      61%        N/A       3%          4
 Blade Hands              Tmut           30%        N/A       9%          5
 Metabolic Englaciation   Hex/Ice        30%        N/A       9%          5
 Silence                  Hex/Air        30%        N/A       9%          5
 Summon Forest            Summ/Tloc      30%        N/A       9%          5
 Summon Mana Viper        Hex/Summ       61%        N/A       9%          5
 Yara's Violent Unravell  Hex/Tmut       30%        3d13      9%          5
 Simulacrum               Ice/Necr       30%        N/A       43%         6
 Statue Form              Tmut/Erth      40%        N/A       43%         6
 Summon Cactus Giant      Summ           30%        N/A       43%         6
 Dragon Form              Tmut           30%        N/A       95%         7
 Enfeeble                 Hex            30%        N/A       95%         7
 Storm Form               Tmut/Air       30%        N/A       95%         7
 Lehudib's Crystal Spear  Conj/Erth      32%        10d8      100%        8
 Maxwell's Capacitive Co  Air            30%        ∞         100%        8


Dungeon Overview and Level Annotations

Branches:
Dungeon (15/15) Zot: 23595  Temple (1/1) D:4 Zot: 5940    Lair (5/5) D:8 Zot: 11431
 Shoals (0/4) Lair:3        Snake (4/4) Lair:2 Zot: 17586   Slime (0/5) Lair:4
    Orc (2/2) D:11 Zot: 7794     Elf (0/3) Orc:2        Vaults (0/5) D:13
 Depths (0/4) D:15          Sewer (visited)         Volcano (visited)

Altars:
Ashenzari
Cheibriados
Dithmenos
Elyvilon
Fedhas
Gozag
Hepliaklqana
Kikubaaqudgha
Makhleb
Nemelex Xobeh
Okawaru
Qazlal
Ru
Sif Muna
Trog
Uskayaw
Vehumet
Wu Jian
Xom
Yredelemnul
Zin
The Shining One

Shops:
Orc:1 [   Orc:2 *[:(   Snake:4 **!

Annotations:
D:12 exclusion: orange crystal statue


Innate Abilities, Weirdness & Mutations

Your life essence is reduced to manifest your ancestor. (-10% HP)
You have very sharp teeth.
Your uncanny sense of smell can sniff out nearby items.
Your experience applies equally to all skills.
You are frail. (-10% HP)
A frigid envelope surrounds you and freezes all who hurt you.


Message History

You are more poisoned.
You partially resist.
The guardian serpent attacks as you move away!
The guardian serpent hits you but does no damage.
The guardian serpent is very cold.
The guardian serpent is almost dead.
You feel very sick.
The nagaraja points at you and mumbles some strange words.
The bolt of poison hits you but does no damage.
You are more poisoned.
You resist.
The guardian serpent coils itself and waves its upper body at you.
You feel as though you will be slow longer.
The nagaraja gestures at you while chanting.
The bolt of poison hits you!
You are lethally poisoned!
You resist.
The naga sharpshooter unwields a +0 long sword.
The naga sharpshooter wields a +0 arbalest.
The naga sharpshooter shoots a bolt.
The bolt barely misses you. The sea snake barely misses you.
The naga warrior roars a battlecry!
The nagas go into a battle-frenzy!
The nagaraja closely misses you. The guardian serpent hits you.
* * * LOW HITPOINT WARNING * * *
The guardian serpent is very cold.
You kill the guardian serpent!
You have reached level 18!
You feel better.
The naga sharpshooter no longer looks unusually strong.
The nagaraja hits you from afar with a +0 spear!!
* * * LOW HITPOINT WARNING * * *
You block the sea snake's attack.
The naga sharpshooter shoots a bolt.
You block the bolt. The naga warrior spits poison at you.
The splash of poison hits you but does no damage.
You are poisoned.
You resist.
The nagaraja hits you from afar with a +0 spear!!
You die...

#### #)#?.#...# #8.# ...########
#.#."#.#.# #####...
..........####.####.#.####..8.∩<8
...)#####.....÷..[...............
###.##########################8#.
#.†#.####### ####......
####......)#.## ####.....###.
.....#..##....#######....##.## #.
.......<..<.[..S@†.N...####.# ##
......"...)....#.N........#.#
..........[..#.N..N.......N.#
.........^...#.#.......†.)..#
...........................#.#
...............#.............'.
..............####.###...†##.'.≈≈
................ #......###..'.~~
............##.. .......# ..#...


You could see a nagaraja (fast, strong), a naga warrior, a naga sharpshooter, a
sea snake and a naga mage (strong).

Vanquished Creatures
  2 dire elephants (Lair:5)
  Azrael (Orc:1)
  Harold (Lair:1)
  2 salamander tyrants (Snake:4)
  5 hydras
  4 boulder beetles
  A rakshasa (D:15)
  6 anacondas
  9 naga warriors
  3 centaur warriors
  2 two-headed ogres
  7 death yaks
  An orc high priest (Orc:2)
  A vampire mage (D:15)
  3 naga sharpshooters
  The ghost of om the Spear-Bearer, a novice MfIE of Vehumet (D:10)
  A spectral dire elephant (Lair:5)
  Urug (D:13)
  The ghost of CertainDeath the Cleaver, a novice MiMo of Gozag (D:7)
  5 shock serpents
  A spectral anaconda (Lair:5)
  2 skeletal warriors (D:15)
  A deep troll (D:10)
  An obsidian statue (Lair:5)
  5 naga ritualists
  A cherub (D:15)
  3 necromancers
  3 deep elf pyromancers
  A phantasmal warrior (D:15)
  2 orc knights
  6 orc sorcerers
  4 ugly things (D:14)
  3 cyclopes
  9 mana vipers
  7 salamanders
  3 manticores
  13 elephants
  10 naga magi
  2 dire elephant zombies (Lair:5)
  6 guardian serpents
  34 black mambas
  8 cane toads
  A dire elephant skeleton (Lair:5)
  3 rime drakes
  9 komodo dragons
  A torpor snail (Lair:2)
  A kobold demonologist (D:12)
  A freezing wraith (D:13)
  6 trolls
  A polar bear (Lair:2)
  A queen bee (D:10)
  A slime creature (D:14)
  Grinder (D:4)
  10 blink frogs (Lair:4)
  A spectral elephant (Lair:5)
  2 ettin zombies (D:15)
  A shadow (D:11)
  A dire elephant simulacrum (Lair:5)
  4 fire elementals (Orc:1)
  3 wraiths
  4 basilisks
  5 wyverns
  26 yaks
  2 hogs (D:7)
  6 vampire mosquitoes
  27 nagas
  3 swamp worms (Lair:1)
  2 wargs
  16 water moccasins
  A hydra simulacrum (Lair:5)
  2 acid dragons
  4 hell hounds
  Duvessa (D:5)
  24 orc warriors
  2 sky beasts
  4 black bears
  An elephant zombie (Lair:5)
  5 ogres
  6 wolves (Lair:1)
  A boulder beetle simulacrum (Lair:5)
  5 phantoms
  24 centaurs
  An elephant skeleton (Lair:5)
  7 kobold brigands
  8 bullfrogs
  3 necrophages
  4 scorpions
  2 cane toad simulacra (Lair:5)
  3 wights (D:8)
  Dowan (D:5)
  27 killer bees
  17 orc priests
  A hound (D:5)
  7 jellies
  2 iguanas
  19 orc wizards
  Terence (D:2)
  7 ogre zombies (D:11)
  2 gnolls (D:9)
  11 adders
  A shadow imp (D:7)
  A white imp (D:8)
  An ufetubus (D:4)
  3 worms
  2 dart slugs
  54 orcs
  12 ball pythons
  10 endoplasms
  11 giant cockroaches
  5 goblins
  3 hobgoblins
  4 jackals (D:1)
  6 quokkas
  5 bats
  13 frilled lizards
  2 goblin zombies (D:11)
  A hobgoblin skeleton (D:11)
  A hobgoblin zombie (D:11)
  18 kobolds
  2 orc skeletons (D:11)
  8 orc zombies (D:11)
  3 rats
690 creatures vanquished.

Vanquished Creatures (collateral kills)
  Rupert (Lair:5)
  Frances (D:12)
  2 nagarajas
  2 orc warlords
  The ghost of Qeimiotua the Blocker, a journeyman MiFi of Okawaru (Lair:5)
  2 dire elephants (Lair:5)
  The ghost of TheSexyCheese the Tortoise, a journeyman MiBe of Trog (Lair:2)
  2 anacondas
  3 hydras
  Erica (Lair:1)
  5 centaur warriors
  2 boulder beetles
  A death knight (D:15)
  A naga warrior (Snake:2)
  3 death yaks (Lair:3)
  A two-headed ogre (D:10)
  A shock serpent (Snake:1)
  2 orc high priests (Orc:2)
  2 naga sharpshooters
  2 wretched stars (D:15)
  A hell knight (Volcano)
  A sea snake (Snake:4)
  2 cherubim (D:15)
  3 naga ritualists
  A harpy (shapeshifter) (D:13)
  A phantasmal warrior (D:15)
  2 necromancers (Lair:5)
  A fire giant zombie (D:15)
  A deep elf pyromancer (D:12)
  4 orc knights
  2 ugly things (D:14)
  4 salamanders (Snake:4)
  2 orc sorcerers (Orc:2)
  4 mana vipers
  4 elephants
  A merfolk siren (Lair:3)
  A guardian serpent (shapeshifter) (D:13)
  12 black mambas
  A moth of wrath (D:10)
  2 naga magi (Snake:1)
  A dire elephant zombie (Lair:5)
  7 cane toads
  2 rime drakes (Lair:3)
  Maggie (D:7)
  2 komodo dragons
  A freezing wraith (D:15)
  5 trolls
  An ettin zombie (D:15)
  2 slime creatures (D:14)
  2 blink frogs (Lair:4)
  A wyvern (D:8)
  A wraith (D:9)
  A vampire (D:12)
  3 humans
  A basilisk (Lair:2)
  17 yaks
  A golden eye (shapeshifter) (D:15)
  A hog (D:7)
  A steam dragon (D:7)
  A death yak simulacrum (Lair:5)
  2 vampire mosquitoes
  2 spectral cane toads (Lair:5)
  10 nagas
  2 wargs (Orc:1)
  5 water moccasins
  An ice beast (D:6)
  14 orc warriors
  A black bear (D:6)
  4 wolves (Lair:2)
  2 ogres
  5 centaurs
  4 bullfrogs
  A kobold brigand (D:12)
  A gnoll sergeant (D:9)
  2 wights (D:8)
  A troll zombie (D:11)
  2 elephant simulacra (Lair:5)
  14 killer bees
  A howler monkey (D:10)
  2 jellies
  2 komodo dragon simulacra (Lair:5)
  5 orc priests
  Crazy Yiuf (D:2)
  13 orc wizards
  A gnoll (D:9)
  An adder (D:5)
  2 white imps (D:8)
  29 orcs
  A goblin zombie (D:11)
  2 hobgoblin skeletons (D:11)
  5 kobolds
  8 orc zombies (D:11)
284 creatures vanquished.

Vanquished Creatures (others)
  A naga mage (Snake:3)
  A blink frog (Lair:4)
  21 knights
  An ancestor (D:5)
  10 fulminant prisms
  47 fungi
  66 plants
  3 toadstools (D:6)
  46 withered plants
196 creatures vanquished.

Grand Total: 1170 creatures vanquished

Notes
Turn   | Place    | Note
-------+----------+-------------------------------------------
     0 | D:1      | mortz the Gnoll Conjurer began the quest for the Orb.
     0 | D:1      | Reached XP level 1. HP: 13/13 MP: 6/6
   158 | D:1      | Found a faded altar of an unknown god.
   244 | D:1      | Reached XP level 2. HP: 12/19 MP: 1/7
   725 | D:1      | Learned a level 2 spell: Searing Ray
  1583 | D:2      | Reached skill level 5 in Spellcasting
  1583 | D:2      | Reached XP level 3. HP: 25/25 MP: 4/9
  1639 | D:2      | Noticed Terence
  1644 | D:2      | Killed Terence
  1645 | D:2      | Reached skill level 1 in Fighting
  1645 | D:2      | Reached skill level 1 in Short Blades
  1645 | D:2      | Reached skill level 1 in Long Blades
  1645 | D:2      | Reached skill level 1 in Axes
  1645 | D:2      | Reached skill level 1 in Maces & Flails
  1645 | D:2      | Reached skill level 1 in Polearms
  1645 | D:2      | Reached skill level 1 in Staves
  1645 | D:2      | Reached skill level 1 in Ranged Weapons
  1645 | D:2      | Reached skill level 1 in Throwing
  1645 | D:2      | Reached skill level 1 in Armour
  1645 | D:2      | Reached skill level 1 in Shields
  1645 | D:2      | Reached skill level 1 in Unarmed Combat
  1645 | D:2      | Reached skill level 1 in Invocations
  1645 | D:2      | Reached skill level 1 in Evocations
  1771 | D:2      | Found a runed translucent door.
  1772 | D:2      | Noticed Crazy Yiuf
  2033 | D:2      | Reached XP level 4. HP: 32/32 MP: 7/11
  2268 | D:2      | Identified a scroll of acquirement
  2268 | D:2      | Acquired an Everburning Encyclopedia
  2701 | D:3      | Reached skill level 1 in Hexes
  2701 | D:3      | Reached skill level 1 in Summonings
  2701 | D:3      | Reached skill level 1 in Necromancy
  2701 | D:3      | Reached skill level 1 in Translocations
  2701 | D:3      | Reached skill level 1 in Transmutations
  2701 | D:3      | Reached skill level 1 in Fire Magic
  2701 | D:3      | Reached skill level 1 in Ice Magic
  2701 | D:3      | Reached skill level 1 in Air Magic
  2701 | D:3      | Reached skill level 1 in Earth Magic
  2701 | D:3      | Reached skill level 1 in Poison Magic
  2852 | D:3      | Found a bloodstained altar of Trog.
  2852 | D:3      | Found a faded altar of an unknown god.
  2859 | D:3      | Found a shadowy altar of Dithmenos.
  2861 | D:3      | Found a stormy altar of Qazlal.
  2862 | D:3      | Found a broken altar of Ashenzari.
  3524 | D:4      | Identified the +1 leather armour of Nattaotz {rPois rN+
                  | Will-}
  3550 | D:4      | Noticed a necrophage
  3687 | D:4      | Noticed a necrophage
  3781 | D:4      | Reached XP level 5. HP: 37/37 MP: 12/12
  3792 | D:4      | Found a staircase to the Ecumenical Temple.
  3806 | Temple   | Entered the Ecumenical Temple
  3813 | Temple   | Became a worshipper of Hepliaklqana the Forgotten
  3888 | D:4      | Noticed Grinder
  4533 | D:4      | Reached XP level 6. HP: 44/44 MP: 7/13
  4709 | D:4      | Reached skill level 5 in Dodging
  4977 | D:5      | Entered Level 5 of the Dungeon
  5130 | D:5      | Found a glowing drain.
  5139 | Sewer    | Entered a sewer
  5750 | Sewer    | Reached * piety under Hepliaklqana
  5847 | Sewer    | Found the ring of the Tortoise {AC+8}
  5878 | Sewer    | Reached XP level 7. HP: 34/45 MP: 6/15
  6327 | D:5      | Reached skill level 5 in Stealth
  6544 | D:5      | Found a burning altar of Makhleb.
  6547 | D:5      | Found a white marble altar of Elyvilon.
  7062 | D:5      | Noticed Duvessa
  7063 | D:5      | Noticed Dowan
  7074 | D:5      | Reached XP level 8. HP: 45/52 MP: 7/16
  7076 | D:5      | Killed Duvessa
  7081 | D:5      | Killed Dowan
  7087 | D:5      | Learned a level 4 spell: Iskenderun's Mystic Blast
  8391 | D:6      | Reached XP level 9. HP: 58/58 MP: 12/18
  8443 | D:6      | Reached ** piety under Hepliaklqana
  8444 | D:6      | Remembered your ancestor glurtz as a knight
  9140 | D:7      | Reached skill level 5 in Invocations
  9145 | D:7      | Noticed CertainDeath's ghost (novice MiMo)
  9159 | D:7      | Found a runed translucent door.
  9434 | D:7      | Reached skill level 5 in Fighting
  9434 | D:7      | Reached skill level 5 in Short Blades
  9434 | D:7      | Reached skill level 5 in Long Blades
  9434 | D:7      | Reached skill level 5 in Axes
  9434 | D:7      | Reached skill level 5 in Maces & Flails
  9434 | D:7      | Reached skill level 5 in Polearms
  9434 | D:7      | Reached skill level 5 in Staves
  9434 | D:7      | Reached skill level 5 in Ranged Weapons
  9434 | D:7      | Reached skill level 5 in Throwing
  9434 | D:7      | Reached skill level 5 in Armour
  9434 | D:7      | Reached skill level 5 in Shields
  9434 | D:7      | Reached skill level 5 in Unarmed Combat
  9434 | D:7      | Reached skill level 5 in Evocations
  9434 | D:7      | Reached XP level 10. HP: 64/66 MP: 8/20
  9514 | D:7      | Found a glowing silver altar of Zin.
  9600 | D:7      | Noticed Maggie
  9609 | D:7      | Killed Maggie
  9972 | D:8      | Found a staircase to the Lair.
 11727 | D:9      | Reached *** piety under Hepliaklqana
 12129 | D:9      | Reached skill level 5 in Hexes
 12129 | D:9      | Reached skill level 5 in Summonings
 12129 | D:9      | Reached skill level 5 in Necromancy
 12129 | D:9      | Reached skill level 5 in Translocations
 12129 | D:9      | Reached skill level 5 in Transmutations
 12129 | D:9      | Reached skill level 5 in Fire Magic
 12129 | D:9      | Reached skill level 5 in Ice Magic
 12129 | D:9      | Reached skill level 5 in Air Magic
 12129 | D:9      | Reached skill level 5 in Earth Magic
 12129 | D:9      | Reached skill level 5 in Poison Magic
 12254 | D:10     | Entered Level 10 of the Dungeon
 12311 | D:9      | Reached XP level 11. HP: 67/72 MP: 9/22
 13313 | D:10     | Found an iron altar of Okawaru.
 13436 | D:10     | Noticed a centaur warrior
 13442 | D:10     | Killed a centaur warrior
 13877 | D:10     | Noticed a two-headed ogre
 13878 | D:10     | Noticed a moth of wrath
 13881 | D:10     | Noticed a two-headed ogre
 13883 | D:10     | Found a bloodstained altar of Trog.
 13891 | D:10     | Noticed om's ghost (novice MfIE)
 13893 | D:10     | Noticed a deep troll
 13911 | D:10     | Found a transporter.
 13914 | D:10     | Found a transporter.
 14078 | Lair:1   | Entered Level 1 of the Lair of Beasts
 14084 | Lair:1   | Noticed Erica
 14549 | Lair:1   | Killed Erica
 14976 | Lair:1   | Noticed Harold
 14991 | Lair:1   | Killed Harold
 15169 | Lair:1   | Reached XP level 12. HP: 81/81 MP: 10/24
 16241 | Lair:1   | Reached **** piety under Hepliaklqana
 16831 | Lair:2   | Noticed a boulder beetle
 16832 | Lair:2   | Noticed TheSexyCheese's ghost (journeyman MiBe)
 16853 | Lair:2   | Found a runed translucent gate.
 16853 | Lair:2   | Found a runed translucent gate.
 16853 | Lair:2   | Found a runed translucent gate.
 17390 | Lair:2   | Found a staircase to the Snake Pit.
 17633 | Lair:2   | Noticed a seven-headed hydra
 17645 | Lair:2   | Killed a seven-headed hydra
 18254 | Lair:3   | Learned a level 3 spell: Stone Arrow
 18259 | Lair:3   | Learned a level 4 spell: Summon Lightning Spire
 18265 | Lair:3   | Learned a level 5 spell: Irradiate
 18294 | Lair:3   | Noticed a death yak
 18295 | Lair:3   | Noticed a death yak
 18295 | Lair:3   | Noticed a death yak
 18295 | Lair:3   | Noticed a death yak
 18296 | Lair:3   | Noticed a death yak
 18297 | Lair:3   | Noticed a death yak
 18585 | Lair:3   | Killed a death yak
 18586 | Lair:3   | Reached XP level 13. HP: 67/88 MP: 11/26
 18802 | Lair:3   | Reached skill level 10 in Conjurations
 19281 | Lair:3   | Found a broken altar of Ashenzari.
 19757 | Lair:3   | Found a staircase to the Shoals.
 19966 | Lair:2   | Reached skill level 10 in Spellcasting
 21417 | Lair:3   | Found a broken altar of Ashenzari.
 21492 | Lair:3   | Reached skill level 10 in Dodging
 22906 | Lair:4   | Reached skill level 10 in Stealth
 22916 | Lair:4   | Reached ***** piety under Hepliaklqana
 22990 | Lair:4   | Found a dark tunnel.
 23009 | Volcano  | Entered a volcano
 23028 | Volcano  | Found a burning altar of Makhleb.
 23425 | Lair:4   | Reached XP level 14. HP: 97/97 MP: 10/28
 23551 | Lair:4   | Reached skill level 10 in Invocations
 23557 | Lair:4   | Found a staircase to the Slime Pits.
 24398 | Lair:5   | Entered Level 5 of the Lair of Beasts
 24666 | Lair:5   | Found a runed translucent gate.
 24667 | Lair:5   | Found a runed translucent gate.
 24668 | Lair:5   | Found a runed translucent gate.
 24669 | Lair:5   | Noticed Qeimiotua's ghost (journeyman MiFi)
 25658 | Lair:5   | Noticed Rupert
 25671 | Lair:5   | Killed Rupert
 26407 | Lair:5   | Noticed a dire elephant
 26410 | Lair:5   | Noticed a dire elephant
 26410 | Lair:5   | Noticed a dire elephant
 26683 | Lair:5   | Learned a level 4 spell: Fulminant Prism
 27489 | Lair:5   | Found a runed translucent gate.
 27489 | Lair:5   | Found a runed translucent gate.
 27489 | Lair:5   | Found a runed translucent gate.
 27739 | Lair:5   | Noticed a dire elephant
 27748 | Lair:5   | Killed a dire elephant
 30037 | Lair:5   | Killed a dire elephant
 30038 | Lair:5   | Reached skill level 10 in Fighting
 30038 | Lair:5   | Reached skill level 10 in Short Blades
 30038 | Lair:5   | Reached skill level 10 in Long Blades
 30038 | Lair:5   | Reached skill level 10 in Axes
 30038 | Lair:5   | Reached skill level 10 in Maces & Flails
 30038 | Lair:5   | Reached skill level 10 in Polearms
 30038 | Lair:5   | Reached skill level 10 in Staves
 30038 | Lair:5   | Reached skill level 10 in Ranged Weapons
 30038 | Lair:5   | Reached skill level 10 in Throwing
 30038 | Lair:5   | Reached skill level 10 in Armour
 30038 | Lair:5   | Reached skill level 10 in Shields
 30038 | Lair:5   | Reached skill level 10 in Unarmed Combat
 30038 | Lair:5   | Reached skill level 10 in Evocations
 30221 | Lair:5   | Killed a dire elephant
 30414 | Lair:5   | Killed a dire elephant
 30793 | Lair:5   | Reached XP level 15. HP: 103/103 MP: 23/30
 30858 | Lair:5   | Killed Qeimiotua's ghost
 32209 | D:2      | Killed Crazy Yiuf
 32331 | D:4      | Killed Grinder
 32450 | D:7      | Killed CertainDeath's ghost
 32688 | D:10     | Killed om's ghost
 33050 | Lair:1   | HP: 5/103 [poisoned by a cane toad]
 33434 | Lair:2   | Found a staircase to the Snake Pit.
 33459 | Lair:2   | Killed TheSexyCheese's ghost
 34411 | D:11     | Found a transporter.
 34444 | D:11     | Found a staircase to the Orcish Mines.
 35630 | D:11     | Found a transporter.
 36480 | D:12     | Noticed Frances
 36488 | D:12     | Killed Frances
 37726 | Orc:1    | Entered Level 1 of the Orcish Mines
 37799 | Orc:1    | Noticed an orc warlord
 37807 | Orc:1    | Killed an orc warlord
 38236 | Orc:1    | Found Jira's Antique Armour Shop.
 38558 | Orc:2    | Entered Level 2 of the Orcish Mines
 38568 | Orc:2    | Paralysed by an orc sorcerer for 4 turns
 38806 | Orc:2    | Noticed Azrael
 38886 | Orc:1    | Bought an embroidered scarf for 248 gold pieces
 39020 | Orc:1    | Killed Azrael
 39715 | Orc:2    | Found a staircase to the Elven Halls.
 40902 | Orc:2    | Noticed an orc warlord
 40911 | Orc:2    | Killed an orc warlord
 40912 | Orc:2    | Reached XP level 16. HP: 111/111 MP: 15/32
 41470 | Orc:2    | Found Repnonon's General Store.
 41471 | Orc:2    | Found Xaoj's Book Shop.
 41472 | Orc:2    | Found Agraps's Antique Armour Shop.
 41472 | Orc:2    | Found Huddiuva's Antique Weapon Boutique.
 41486 | Orc:2    | Bought a scroll of identify for 30 gold pieces
 41488 | Orc:2    | Bought the +1 pair of gloves of Makhleb's Castigation {rN++
                  | Dex+3} for 499 gold pieces
 41503 | Orc:2    | Bought a book of Iron for 540 gold pieces
 41510 | Orc:2    | Learned a level 6 spell: Iron Shot
 42230 | D:13     | Noticed Urug
 42244 | D:13     | Killed Urug
 42683 | D:13     | Found a gate to the Vaults.
 42700 | D:13     | Identified the +1 short sword "Tiovoa" {vorpal, *Noise
                  | rPois rF++}
 43322 | D:14     | Found a shadowy altar of Dithmenos.
 43865 | D:15     | Entered Level 15 of the Dungeon
 44101 | D:15     | Reached ****** piety under Hepliaklqana
 44233 | D:15     | Found a staircase to the Depths.
 44716 | D:14     | Gained mutation: You are agile. (Dex +4, Str/Int -1)
                  | [potion of mutation]
 44717 | D:14     | Lost mutation: You are agile. (Dex +4, Str/Int -1) [potion
                  | of mutation]
 44717 | D:14     | Gained mutation: You passively map a small area around you.
                  | [potion of mutation]
 44717 | D:14     | Gained mutation: You are partially covered in iridescent
                  | scales. (AC +2) [potion of mutation]
 44718 | D:14     | Lost mutation: You passively map a small area around you.
                  | [potion of mutation]
 44718 | D:14     | Lost mutation: You are partially covered in iridescent
                  | scales. (AC +2) [potion of mutation]
 44718 | D:14     | Gained mutation: You are robust. (+10% HP) [potion of
                  | mutation]
 44719 | D:14     | Lost mutation: You are robust. (+10% HP) [potion of
                  | mutation]
 44719 | D:14     | Gained mutation: You occasionally shout uncontrollably at
                  | your foes. [potion of mutation]
 44719 | D:14     | Gained mutation: You are agile. (Dex +4, Str/Int -1)
                  | [potion of mutation]
 44720 | D:14     | Lost mutation: You are agile. (Dex +4, Str/Int -1) [potion
                  | of mutation]
 44720 | D:14     | Lost mutation: You occasionally shout uncontrollably at
                  | your foes. [potion of mutation]
 44720 | D:14     | Gained mutation: You are extremely frail. (-30% HP) [potion
                  | of mutation]
 44720 | D:14     | Gained mutation: A frigid envelope surrounds you and
                  | freezes all who hurt you. [potion of mutation]
 46055 | D:15     | Found the +1 cloak of Starlight {*Dazzle EV+4 Stlth--}
 46425 | D:15     | Found a staircase to the Depths.
 47201 | Snake:1  | Entered Level 1 of the Snake Pit
 49076 | Snake:2  | Noticed a nagaraja
 49082 | Snake:2  | Killed a nagaraja
 49083 | Snake:2  | Reached XP level 17. HP: 95/106 MP: 27/33
 49318 | Snake:2  | Reached skill level 10 in Hexes
 49318 | Snake:2  | Reached skill level 10 in Summonings
 49318 | Snake:2  | Reached skill level 10 in Necromancy
 49318 | Snake:2  | Reached skill level 10 in Translocations
 49318 | Snake:2  | Reached skill level 10 in Transmutations
 49318 | Snake:2  | Reached skill level 10 in Fire Magic
 49318 | Snake:2  | Reached skill level 10 in Ice Magic
 49318 | Snake:2  | Reached skill level 10 in Air Magic
 49318 | Snake:2  | Reached skill level 10 in Earth Magic
 49318 | Snake:2  | Reached skill level 10 in Poison Magic
 51946 | Snake:4  | Entered Level 4 of the Snake Pit
 51946 | Snake:4  | Found Zoeprof's Specific Store.
 52174 | Snake:4  | Found Macoicwu's General Store.
 52178 | Snake:4  | Bought a scroll of enchant armour for 97 gold pieces
 52178 | Snake:4  | Bought a potion of brilliance for 52 gold pieces
 52178 | Snake:4  | Bought a potion of heal wounds for 65 gold pieces
 52178 | Snake:4  | Bought a scroll of teleportation for 39 gold pieces
 53811 | Snake:4  | Found Tioco Unnit's Distillery.
 53819 | Snake:4  | Bought a potion of magic for 128 gold pieces
 53875 | Snake:4  | Reached XP level 18. HP: 32/112 MP: 22/35
 53875 | Snake:4  | Slain by a nagaraja

Illustrated notes

Levels and vault maps discovered:
D:1:      kennysheep_arrival_forest, layout_basic,
          dreamdust_ecumenical_altar_statues
D:2:      layout_loops_ring, minmay_strange_pillars, grunt_decor_resistance,
          dk_noncrumbling_3, uniq_terence, uniq_crazy_yiuf_cottage
D:3:      layout_basic, chequers_temple_overflow_minitemple,
          hangedman_decor_push
D:4:      layout_loops_ring, minmay_temple_entry_offerings, uniq_grinder
D:5:      layout_layer_cave, nicolae_overflow_squiral,
          cheibrodos_sewer_entry_bend, uniq_duvessa
D:6:      layout_loops_cross, minmay_gold_behind_fungi
D:7:      layout_basic, zin_scriptorium, hellmonk_ghost_happy_afterlife,
          kennysheep_nub, grunt_livestock, uniq_maggie
D:8:      layout_loops_cross, lair_entry_dummy, hangedman_minor_gate_pass
D:9:      layout_basic
D:10:     layout_basic, okawaru_humans, gammafunk_ghost_wrathful_warriors,
          special_room [special_room_bee]
D:11:     layout_irregular_city, zombieorc2_lemuel, nicolae_diode_stairs
D:12:     nicolae_whirlpool, layout_basic, minivault_16, uniq_frances
D:13:     layout_cave_pools, david_vaults_4, uniq_urug
D:14:     layout_rooms, small_statue_alley_a, minmay_misc_feat_encased,
          grunt_dithmenos_smoke_and_mirrors
D:15:     gammafunk_depths_entry_grave, layout_irregular_city,
          chequers_hall_statues_y, drop_trap, hellmonk_guarded_unrand_starlight
Temple:   eino_temple_lava
Lair:1:   layout_layer_cave, worms_lemuel, uniq_erica, uniq_harold
Lair:2:   layout_loops_ring, minmay_snake_entry_six_corridors,
          gammafunk_ghost_split, infiniplex_staircase_pool_2
Lair:3:   layout_long_grid, minmay_shoals_entry_lonely_mermaid, basic_altar,
          beast_lair_carwin_7
Lair:4:   layout_long_grid, nicolae_slime_entry_slimehenge,
          nicolae_volcano_entry_hallway, grunt_forest_small_clearing_treed,
          lemuel_fruit_tree
Lair:5:   due_jungle_book, layout_regular_city, gammafunk_ghost_necromancy,
          nzn_sisyphean_effort, serial_bayou_shore_b, uniq_rupert
Snake:1:  layout_cave_shapes, grunt_megastairs_5
Snake:2:  layout_concentric_octagons
Snake:3:  layout_rooms
Snake:4:  grunt_snake_rune_pools, layout_rooms, serial_shops,
          nicolae_shop_statue_plus, corexii_hall_statues_i,
          nicolae_specific_store, nrook_guardian_serpent_ordinary
Orc:1:    layout_diamond_mine, serial_shops, shop
Orc:2:    st_orc_congregation, layout_caves, uniq_azrael

Skill      XL: |  1  2  3  4  5  6  7  8  9 10 11 12 13 14 15 16 17 |
---------------+----------------------------------------------------+-----
Spellcasting   | 5 6 7 8 9 10 11 12 13 | 13.4
Fighting       | 1 2 3 5 6 7 8 9 10 11 12 | 12.4
Short Blades   | 1 2 3 5 6 7 8 9 10 11 12 | 12.4
Long Blades    | 1 2 3 5 6 7 8 9 10 11 12 | 12.4
Axes           | 1 2 3 5 6 7 8 9 10 11 12 | 12.4
Maces & Flails | 1 2 3 5 6 7 8 9 10 11 12 | 12.4
Polearms       | 1 2 3 5 6 7 8 9 10 11 12 | 12.4
Staves         | 1 2 3 5 6 7 8 9 10 11 12 | 12.4
Ranged Weapons | 1 2 3 5 6 7 8 9 10 11 12 | 12.4
Throwing       | 1 2 3 5 6 7 8 9 10 11 12 | 12.4
Armour         | 1 2 3 5 6 7 8 9 10 11 12 | 12.4
Shields        | 1 2 3 5 6 7 8 9 10 11 12 | 12.4
Unarmed Combat | 1 2 3 5 6 7 8 9 10 11 12 | 12.4
Invocations    | 1 2 3 4 5 6 7 8 9 10 11 12 13 | 13.5
Evocations     | 1 2 3 5 6 7 8 9 10 11 12 | 12.4
Hexes          | 1 2 3 4 5 6 7 8 9 10 | 10.5
Summonings     | 1 2 3 4 5 6 7 8 9 10 | 10.5
Necromancy     | 1 2 3 4 5 6 7 8 9 10 | 10.5
Translocations | 1 2 3 4 5 6 7 8 9 10 | 10.5
Transmutations | 1 2 3 4 5 6 7 8 9 10 | 10.5
Fire Magic     | 1 2 3 4 5 6 7 8 9 10 | 10.5
Ice Magic      | 1 2 3 4 5 6 7 8 9 10 | 10.5
Air Magic      | 1 2 3 4 5 6 7 8 9 10 | 10.5
Earth Magic    | 1 2 3 4 5 6 7 8 9 10 | 10.5
Poison Magic   | 1 2 3 4 5 6 7 8 9 10 | 10.5
Dodging        | 5 6 7 8 9 10 11 12 13 | 13.2
Stealth        | 5 6 7 8 9 10 11 12 13 | 13.1
Conjurations   | 8 9 10 11 12 | 12.6

Action                   |  1- 3 |  4- 6 |  7- 9 | 10-12 | 13-15 | 16-18 || total
-------------------------+-------+-------+-------+-------+-------+-------++-------
Melee: Club              |    10 |       |       |       |       |       ||    10
       Bite              |     2 |       |     1 |     2 |     6 |     5 ||    16
       Short sword       |     2 |       |       |       |       |       ||     2
       Dagger            |     1 |     5 |     4 |    17 |    61 |    67 ||   155
       Punch             |       |       |       |       |     5 |     2 ||     7
 Cast: Magic Dart        |    28 |    66 |    28 |   146 |    56 |    14 ||   338
       Searing Ray       |     9 |    33 |    45 |    82 |     6 |       ||   175
       Iskenderun's Myst |       |       |     4 |    70 |   108 |    67 ||   249
       Stone Arrow       |       |       |       |     4 |   595 |   340 ||   939
       Summon Lightning  |       |       |       |     3 |    19 |    34 ||    56
       Fulminant Prism   |       |       |       |       |    10 |       ||    10
       Irradiate         |       |       |       |       |     2 |       ||     2
       Iron Shot         |       |       |       |       |       |     3 ||     3
Invok: Ancestor Identity |       |     1 |       |       |       |       ||     1
       Ancestor Life: Kn |       |       |     1 |       |       |       ||     1
       Transference      |       |       |       |     1 |       |       ||     1
       Recall Ancestor   |       |       |       |     3 |    13 |     8 ||    24
       Idealise          |       |       |       |       |     1 |       ||     1
Evoke: Wand              |       |       |       |     2 |    10 |     7 ||    19
       Phial of floods   |       |       |       |       |     1 |       ||     1
  Use: Scroll            |     3 |     5 |     6 |    12 |    12 |     8 ||    46
       Potion            |     1 |       |       |     2 |    13 |     6 ||    22
 Stab: Sleeping          |     3 |     5 |     3 |    12 |     9 |    32 ||    64
       Distracted        |       |       |       |       |     1 |       ||     1
Armor: Robe              |     1 |     3 |     9 |       |     2 |       ||    15
       Steam dragon scal |       |       |     9 |    22 |   102 |       ||   133
       Troll leather arm |       |       |       |       |    53 |    33 ||    86
       Leather armour    |       |       |       |       |       |    31 ||    31
Dodge: Dodged            |    21 |    39 |    23 |    74 |   294 |   116 ||   567
Block: Tower shield      |       |       |       |       |       |    17 ||    17
